 Dungeon Crawl Stone Soup version 0.27-a0-506-g2188dfaaa0 (webtiles) character file.

Game seed: 4336400824825007188

144 Gaff the Sneak (level 5, -6/31 HPs)
             Began as a Kobold Brigand on Mar 3, 2021.
             Killed by nerve-wracking pain
             ... invoked by a shadow imp
              (13 damage)
             ... on level 5 of the Dungeon.
             The game lasted 00:05:26 (3512 turns).

Gaff the Sneak (Kobold Brigand)                     Turns: 3512, Time: 00:05:27

Health: -6/31      AC:  3    Str:  8    XL:     5   Next: 52%
Magic:  5/5        EV: 14    Int: 13    God:
Gold:   181        SH:  7    Dex: 17    Spells: 4/4 levels left

rFire    . . .     SeeInvis .   a - +2 dagger (venom)
rCold    . . .     Faith    .   f - +2 buckler
rNeg     . . .     Spirit   .   b - +0 robe
rPois    .         Reflect  .   (no helmet)
rElec    .         Harm     .   c - +0 cloak
rCorr    .         Rampage  .   (no gloves)
Will     .....                  (no boots)
Stlth    +++++.....             (no amulet)
HPRegen  0.10/turn              (no ring)
MPRegen  0.09/turn              (no ring)

@: no status effects
A: small, nightstalker 3
a: no special abilities


You were on level 5 of the Dungeon.
You visited 1 branch of the dungeon, and saw 4 of its levels.

You collected 181 gold pieces.

Inventory:

Hand Weapons
 a - a +2 dagger of venom (weapon)
 i - a +2 dagger
Missiles
 d - 8 poisoned darts (quivered)
 e - 2 curare-tipped darts
Armour
 b - a +0 robe (worn)
 c - a +0 cloak (worn)
 f - a +2 buckler (worn)
Scrolls
 g - a scroll of random uselessness {unknown}
 l - 3 scrolls of identify {unknown}
 m - 2 scrolls of amnesia {unknown}
 n - a scroll of fog {unknown}
 s - a scroll of teleportation {unknown}
Potions
 h - 3 potions of curing {unknown}
 j - a potion of degeneration {unknown}
 k - a potion of attraction {unknown}
 o - 2 potions of resistance {unknown}
 p - 2 potions of heal wounds {unknown}
 q - 3 potions of haste {unknown}
 r - a potion of flight {unknown}


   Skills:
 + Level 2.6 Fighting
 + Level 3.7 Short Blades
 - Level 2.1 Throwing
 + Level 2.2 Dodging
 + Level 7.4 Stealth
 + Level 0.8 Shields


You had 4 spell levels left.
You didn't know any spells.
Your spell library was empty.

Dungeon Overview and Level Annotations

Branches:
Dungeon (3/15)

Altars:
Ashenzari
Cheibriados


Innate Abilities, Weirdness & Mutations

You are small and have problems with some larger weapons.
You are completely attuned to the shadows.


Message History

The shaft crumbles and collapses.
Found 10 gold pieces.
Found a snail-covered altar of Cheibriados.
You now have 181 gold pieces (gained 10).
A shadow imp comes into view.
The shadow imp shouts!
A jackal zombie comes into view.
You hit the shadow imp but do no damage.
You block the shadow imp's attack.
You hit the shadow imp.
The shadow imp is moderately wounded.
You barely miss the shadow imp.
The shadow imp is moderately wounded.
The shadow imp hits you.
You hit the shadow imp but do no damage.
The shadow imp is moderately wounded.
The shadow imp gestures at you. Pain shoots through your body!
You barely miss the shadow imp.
The shadow imp is moderately wounded.
You block the shadow imp's attack.
You hit the shadow imp but do no damage.
The shadow imp is moderately wounded.
You block the shadow imp's attack.
You hit the shadow imp.
The shadow imp is heavily wounded.
The shadow imp hits you.
You hit the shadow imp.
The shadow imp is almost dead.
The shadow imp gestures at you. Pain shoots through your body!
* * * LOW HITPOINT WARNING * * *
You hit the shadow imp.
The shadow imp is almost dead.
The shadow imp closely misses you.
You closely miss the shadow imp.
The shadow imp is almost dead.
The shadow imp gestures at you. Pain shoots through your body!
You die...

Z.. #...
##.... ##...#
###...#
##...5## .#
##....@## ..##
#.......##....
##............
##...........
##..##....#
#.####...# #..
#..###.#.#
#...
#..#.._..##...
.....#.#....#


You could see a shadow imp.

Vanquished Creatures
  Terence (D:3)
  3 adders
  An adder zombie (D:2)
  2 worms (D:2)
  A dart slug (D:2)
  A leopard gecko (D:1)
  2 giant cockroaches
  6 goblins
  6 hobgoblins
  18 jackals
  A quokka (D:3)
  3 ball pythons
  6 bats
  3 frilled lizards
  11 kobolds
  8 rats
73 creatures vanquished.

Notes
Turn   | Place    | Note
-------+----------+-------------------------------------------
     0 | D:1      | Gaff the Kobold Brigand began the quest for the Orb.
     0 | D:1      | Reached XP level 1. HP: 12/12 MP: 1/1
   214 | D:1      | Reached XP level 2. HP: 17/17 MP: 2/2
   341 | D:1      | Reached skill level 6 in Stealth
   461 | D:1      | Reached XP level 3. HP: 15/21 MP: 3/3
  1515 | D:2      | Reached XP level 4. HP: 27/27 MP: 4/4
  2297 | D:2      | Reached skill level 7 in Stealth
  3253 | D:3      | Found a broken altar of Ashenzari.
  3277 | D:3      | Reached XP level 5. HP: 31/31 MP: 5/5
  3282 | D:3      | Noticed Terence
  3296 | D:3      | Killed Terence
  3471 | D:3      | You fall into a shaft and drop 2 floors!
  3471 | D:5      | Entered Level 5 of the Dungeon
  3472 | D:5      | Found a snail-covered altar of Cheibriados.
  3512 | D:5      | Killed from afar by a shadow imp

Illustrated notes

Levels and vault maps discovered:
D:1:      minmay_arrival_hallway, layout_basic
D:2:      layout_loops_corners, serial_co_window_serial,
          co_window_of_opportunity_a, co_window_of_opportunity_a,
          co_window_of_opportunity_a, co_window_of_opportunity_a,
          co_window_corner_a, co_window_paths_b, co_window_paths_a,
          co_window_cross_4, co_window_corner_b, co_window_corner_ca,
          co_window_broadway_b, co_window_paths_c, co_window_paths_c,
          co_window_broadway_b, glass_columns_a, glass_columns_a,
          glass_columns_a, glass_columns_a
D:3:      layout_rooms, nicolae_overflow_crystal_walls, ashenzari_altar_1,
          uniq_sigmund, uniq_terence
D:5:      layout_layer_cave, lemuel_crystal_altar, serial_shops, shop,
          feat_on_display, uniq_eustachio

Skill      XL: |  1  2  3  4 |
---------------+-------------+-----
Stealth        | 6 7 |  7.4
Short Blades   | 3 |  3.7
Dodging        | 2 |  2.2
Fighting       | |  2.6
Throwing       | |  2.1
Shields        | |  0.8

Action                   |  1- 3 |  4- 6 || total
-------------------------+-------+-------++-------
Melee: Dagger            |    94 |   103 ||   197
 Stab: Sleeping          |    12 |    11 ||    23
Armor: Robe              |    15 |     7 ||    22
Dodge: Dodged            |    63 |    38 ||   101
Block: Buckler           |    29 |    20 ||    49

Table legend: (Time is in decaauts)
 A = Elapsed time spent in this place.
 B = Non-inter-level travel time spent in this place.
 C = Inter-level travel time spent in this place.
 D = Time resting spent in this place.
 E = Time spent auto-exploring this place.
 F = Levels seen in this place.
 G = Mean time per level.
                   A        B        C        D        E       F      G
               +--------+--------+--------+--------+--------+-----+--------+
         Total |   3493 |   3411 |     82 |    504 |   2326 |   4 |  873.2 |
       Dungeon |   3493 |   3411 |     82 |    504 |   2326 |   4 |  873.2 |
               +--------+--------+--------+--------+--------+-----+--------+

Top non-repeatable levels by time:
     D:2: 1895 daAuts
     D:1: 1342 daAuts
     D:3: 216 daAuts
     D:5: 39 daAuts
